Map: Golden Wall LE

Players

Massa - Winner!

  • Race: Terran Terran
  • League: Platinum
  • Spawn Location: 5:00

VOD

Have the link to the VOD?

Description

Time

  • Played on: Sept. 24, 2020, 2:27 p.m.
  • Length: 20:44
Show
View Real Time Build Order
Export as new Build Order

Massa Terran - Winner!

Build Orders:  

Get SALT Encoding   

  12  0:00  SCV  
  13  0:17  SCV  
  14  0:25  Supply Depot  
  14  0:34  SCV  
  15  0:55  SCV, Barracks  
  16  1:07  Refinery  
  16  1:12  SCV  
  17  1:29  SCV  
  18  1:45  SCV  
  19  2:02  SCV  
  20  2:16  Reaper  
  20  2:19  Orbital Command  
  21  2:26  Command Center  
  21  2:40  Supply Depot  
  21  2:55  Marine  
  21  2:56  SCV  
  23  3:09  Factory  
  22  3:42  Command Center  
  22  3:45  SCV  
  22  3:48  Barracks Reactor  
  23  3:56  Refinery  
  23  4:02  SCV  
  24  4:18  SCV  
  24  4:19  Orbital Command  
  25  4:44  SCV  
  26  4:56  Hellion x2  
  30  5:01  SCV  
  30  5:05  Starport  
  30  5:07  Engineering Bay  
  31  5:13  Barracks Tech Lab  
  31  5:21  SCV  
  31  5:22  SCV  
  31  5:26  Hellion x2  
  31  5:29  Orbital Command  
  37  5:53  Terran Infantry Weapons Level 1  
  37  5:56  Hellion x2, Marine  
  42  6:01  Viking  
  42  6:05  SCV  
  42  6:06  SCV  
  42  6:09  SCV  
  47  6:15  Stimpack  
  47  6:21  Marine  
  47  6:26  Hellion x2  
  52  6:42  Missile Turret  
  52  6:43  Medivac  
  46  7:44  SCV x2  
  46  7:45  SCV  
  49  7:51  Marauder  
  51  8:01  SCV x3  
  54  8:16  Barracks  
  54  8:18  SCV x3, Barracks  
  54  8:19  Barracks  
  57  8:21  Marauder  
  57  8:24  Barracks  
  57  8:26  Factory Tech Lab  
  59  8:36  SCV x2  
  61  8:52  Supply Depot  
  61  8:54  Supply Depot  
  61  8:58  Refinery  
  61  9:05  Orbital Command  
  61  9:09  Concussive Shells  
  61  9:18  Starport Reactor  
  61  9:21  Terran Infantry Armor Level 1  
  61  9:22  SCV, Siege Tank  
  61  9:23  SCV, Marauder, Supply Depot  
  61  9:27  Supply Depot  
  68  9:30  Engineering Bay  
  68  9:39  SCV  
  69  9:40  Armory  
  69  9:42  SCV x2  
  71  9:56  SCV  
  71  9:58  Supply Depot  
  71  9:59  SCV x2  
  74  10:04  Refinery  
  74  10:07  Siege Tank  
  74  10:09  Barracks Reactor x3  
  77  10:19  SCV  
  78  10:20  SCV x2  
  78  10:29  Refinery  
  80  10:34  Refinery  
  80  10:36  SCV  
  80  10:37  SCV x2  
  83  10:53  SCV  
  83  10:54  SCV x2, Medivac  
  83  10:55  Medivac, Supply Depot  
  83  10:58  Unknown, Supply Depot  
  90  11:00  Marauder  
  90  11:01  Marine  
  90  11:02  Marine x7  
  100  11:10  SCV  
  100  11:14  Terran Vehicle Weapons Level 1  
  101  11:25  SCV x2  
  101  11:26  Marine  
  101  11:27  SCV, Marine x4  
  101  11:29  Marine x2  
  111  11:30  Marauder  
  111  11:31  Supply Depot x2  
  113  12:00  Marauder  
  113  12:04  Supply Depot  
  113  12:05  Supply Depot  
  113  12:09  SCV x3  
  118  12:26  SCV x3  
  121  12:34  Command Center  
  121  12:37  Supply Depot  
  121  12:38  Supply Depot  
  121  12:43  SCV x2  
  121  12:44  Sensor Tower, Command Center  
  121  12:48  Missile Turret  
  123  12:55  Armory  
  123  12:56  Terran Infantry Weapons Level 2  
  123  12:57  Terran Infantry Armor Level 2  
  123  13:11  Supply Depot  
  123  13:12  Missile Turret  
  123  13:14  Supply Depot  
  123  13:19  Missile Turret  
  123  13:41  Sensor Tower  
  123  13:46  Missile Turret x3, Supply Depot  
  123  13:47  Missile Turret  
  123  13:51  Refinery, Missile Turret  
  123  13:59  Command Center  
  123  14:02  Terran Vehicle And Ship Armor Level 1  
  123  14:04  Marauder  
  123  14:06  Marine  
  123  14:07  Marine x7  
  133  14:12  Thor  
  133  14:13  Missile Turret  
  133  14:14  Missile Turret  
  139  14:25  Supply Depot  
  139  14:26  Supply Depot  
  139  14:27  Supply Depot  
  139  14:28  Orbital Command  
  139  14:30  Supply Depot  
  139  14:31  Marine  
  139  14:32  Marine x7  
  139  14:34  Orbital Command, Marauder  
  147  14:56  Marine  
  147  14:57  Marine x7  
  155  15:04  Marauder  
  157  15:12  Thor  
  163  15:21  Marine  
  163  15:23  SCV  
  163  15:24  SCV x2  
  167  15:34  Marauder  
  167  15:36  Refinery  
  167  15:38  Refinery, Unknown  
  169  15:42  Terran Vehicle Weapons Level 2  
  169  15:43  Orbital Command  
  169  15:53  Marine x3  
  169  15:54  Marine x3  
  169  15:55  Marine x2  
  169  15:57  Medivac  
  169  15:58  Medivac  
  181  16:04  Marauder  
  183  16:18  Marine x3  
  186  16:34  Marauder  
  186  16:39  Medivac x2  
  190  16:45  Terran Vehicle And Ship Armor Level 2  
  190  16:48  Terran Infantry Weapons Level 3  
  192  16:58  Command Center  
  192  17:04  Marauder  
  192  17:05  Sensor Tower  
  194  17:13  Infernal Pre-Igniter  
  194  17:34  Marauder  
  196  17:41  Orbital Command  
  196  17:52  Sensor Tower  
  193  18:49  Unknown  
  174  18:55  Unknown  
  174  18:57  Unknown  
  173  19:24  Unknown  
  166  20:03  Unknown  
  166  20:07  Unknown  
Tags
 
League
Platinum
Matchup
Co-op
Replay Pack
Multiplayer
Add a new tag
Caveats
  • Supply blocks, unpowered buildings, or Contaminate may cause inaccurate times.
  • Supply counts are checked every 10 seconds.